 Dungeon Crawl Stone Soup version 0.30-a0-879-ga8ba668304 (webtiles) character file.

Game seed: 5926203922010735485

326 Parcival the Conjurer (level 6, -1/42 HPs)
             Began as a Human Conjurer on Mar 12, 2023.
             Killed from afar by an orc wizard (7 damage)
             ... with a magic dart
             ... on level 3 of the Dungeon.
             The game lasted 00:10:37 (3227 turns).

Parcival the Conjurer (Human Conjurer)              Turns: 3227, Time: 00:10:38

Health: -1/42      AC:  3    Str:  8    XL:     6   Next: 78%
Magic:  3/11       EV: 12    Int: 20    God:
Gold:   82         SH:  0    Dex: 11    Spells: 11/12 levels left

rFire   . . .      SeeInvis .    f - +0 short sword
rCold   . . .      Faith    .    (no shield)
rNeg    . . .      Spirit   .    a - +0 robe
rPois   .          Reflect  .    (no helmet)
rElec   .          Rampage  .    (no cloak)
rCorr   .                        m - +0 pair of gloves
Will    .....                    (no boots)
Stlth   ++                       (no amulet)
HPRegen 0.27/turn                d - ring of flight
MPRegen 0.12/turn                (no ring)

@: flying
A: no striking features
a: no special abilities


You were on level 3 of the Dungeon.
You visited 1 branch of the dungeon, and saw 3 of its levels.

You collected 82 gold pieces.

Inventory:

Hand Weapons
 f - a +0 short sword (weapon)
Armour
 a - a +0 robe (worn)
 m - a +0 pair of gloves (worn)
Jewellery
 d - a ring of flight (left hand)
 l - a ring of flight
Scrolls
 g - 2 scrolls of noise
 j - 3 scrolls of identify
 k - a scroll of teleportation {unknown}
Potions
 b - a potion of might {unknown}
 c - 4 potions of curing {unknown}
 e - a potion of haste {unknown}
 i - a potion of heal wounds {unknown}
 n - a potion of flight {unknown}


   Skills:
 + Level 0.6 Fighting
 + Level 1.3 Short Blades
 + Level 2.4 Dodging
 + Level 2.9 Stealth
 + Level 0.2 Unarmed Combat
 + Level 3.6 Spellcasting
 + Level 5.8 Conjurations


You had 11 spell levels left.
You knew the following spells:

 Your Spells              Type           Power      Damage    Failure   Level
a - Magic Dart            Conj           100%       1d8       1%          1

Your spell library contained the following spells:

 Spells                   Type           Power      Damage    Failure   Level
 Searing Ray              Conj           54%        2d6       1%          2
 Dazzling Flash           Conj/Hex       30%        N/A       12%         3
 Apportation              Tloc           6%         N/A       14%         1
 Necrotise                Necr           12%        1d4       14%         1
 Summon Small Mammal      Summ           12%        N/A       14%         1
 Fulminant Prism          Conj/Hex       7%         3d7       36%         4
 Iskenderun's Mystic Bla  Conj/Tloc      15%        2d5       36%         4


Dungeon Overview and Level Annotations

Branches:
Dungeon (3/15)

Altars:
Gozag
The Shining One


Message History

The orc wizard hits you with a +0 dagger.
You closely miss the orc wizard.
The orc wizard is severely wounded.
The orc wizard casts a spell at you. The puff of flame hits you!
You barely miss the orc wizard.
The orc wizard is heavily wounded.
The orc wizard barely misses you.
You hit the orc wizard.
The orc wizard is severely wounded.
The orc wizard gestures at you while chanting.
The magic dart hits you.
You closely miss the orc wizard.
The orc wizard is severely wounded.
The orc wizard gestures at you while chanting.
You resist with some effort.
You hit the orc wizard.
The orc wizard is almost dead.
The orc wizard hits you with a +0 dagger.
You closely miss the orc wizard.
The orc wizard is almost dead.
The orc wizard misses you.
You closely miss the orc wizard.
The orc wizard is almost dead.
The orc wizard points at you and mumbles some strange words.
The magic dart hits you!
* * * LOW HITPOINT WARNING * * *
You barely miss the orc wizard.
The orc wizard is almost dead.
You barely miss the orc wizard.
The orc wizard is almost dead.
The orc wizard hits you with a +0 dagger.
* * * LOW HITPOINT WARNING * * *
Okay, then.
Blink to where?
Press: ? - help, Dir - move target, p - orc wizard
As you read the scroll of blinking, it crumbles to dust.
The orc wizard points at you and mumbles some strange words.
The magic dart hits you!
You die...

##### #...# ### #...#
..##########...##########
..'........'...'@........
..##########...##.#######
'## #...##.# ..# ######§#
..# #o# .##


bo. .# ..... ### ....... #.# .)†...... You could see an orc wizard and an orc.

Vanquished Creatures
  Grinder (D:3)
  A gnoll (D:3)
  3 adders
  2 worms (D:3)
  8 orcs (D:3)
  7 ball pythons
  8 bats
  11 endoplasms
  A giant cockroach (D:3)
  6 goblins
  8 hobgoblins
  2 jackals (D:1)
  2 frilled lizards
  7 kobolds
  11 rats
78 creatures vanquished.

Notes
Turn   | Place    | Note
-------+----------+-------------------------------------------
     0 | D:1      | Parcival the Human Conjurer began the quest for the Orb.
     0 | D:1      | Reached XP level 1. HP: 13/13 MP: 3/3
   170 | D:1      | Reached XP level 2. HP: 19/19 MP: 1/5
   541 | D:1      | Reached XP level 3. HP: 24/24 MP: 3/6
  1299 | D:2      | Reached XP level 4. HP: 30/30 MP: 4/7
  1450 | D:2      | Reached skill level 5 in Conjurations
  2481 | D:3      | Reached XP level 5. HP: 36/36 MP: 3/8
  2572 | D:3      | Found a glowing golden altar of the Shining One.
  2647 | D:3      | Found an opulent altar of Gozag.
  2718 | D:3      | Noticed Grinder
  2732 | D:3      | Paralysed by Grinder for 2 turns
  2735 | D:3      | Killed Grinder
  2736 | D:3      | Reached skill level 1 in Short Blades
  2736 | D:3      | Reached XP level 6. HP: 18/42 MP: 5/11
  3227 | D:3      | Killed from afar by an orc wizard

Illustrated notes

Levels and vault maps discovered:
D:1:      erik_arrival_triangle_small, layout_rooms
D:2:      layout_loops_ring, minmay_pentomino_z2
D:3:      minmay_razor_zed, layout_basic, tso_altar, nicolae_gozag_seed_capital,
          uniq_pargi, uniq_grinder

Skill      XL: |  1  2  3  4  5 |
---------------+----------------+-----
Conjurations   | 5 |  5.8
Short Blades   | 1 |  1.3
Spellcasting   | 3 |  3.6
Fighting       | |  0.6
Dodging        | |  2.4
Stealth        | |  2.9
Unarmed Combat | |  0.2

Action                     |  1- 3 |  4- 6 || total
---------------------------+-------+-------++-------
  Melee: Unarmed           |    31 |       ||    31
         Short sword       |     8 |    43 ||    51
         Punch             |       |     1 ||     1
   Cast: Magic Dart        |    60 |    97 ||   157
    Use: Scroll            |     2 |     2 ||     4
         Potion            |       |     1 ||     1
 Armour: Robe              |     9 |     5 ||    14
  Dodge: Dodged            |    33 |    27 ||    60

Table legend: (Time is in decaauts)
 A = Elapsed time spent in this place.
 B = Non-inter-level travel time spent in this place.
 C = Inter-level travel time spent in this place.
 D = Time resting spent in this place.
 E = Time spent auto-exploring this place.
 F = Levels seen in this place.
 G = Mean time per level.
                   A        B        C        D        E       F      G
               +--------+--------+--------+--------+--------+-----+--------+
         Total |   3224 |   3099 |    125 |      0 |   2707 |   3 | 1074.7 |
       Dungeon |   3224 |   3099 |    125 |      0 |   2707 |   3 | 1074.7 |
               +--------+--------+--------+--------+--------+-----+--------+

Top non-repeatable levels by time:
     D:3: 1345 daAuts
     D:2: 965 daAuts
     D:1: 913 daAuts
